 Dungeon Crawl Stone Soup version 0.16-a0-3606-g1520cdc (webtiles) character file.

81 PolkaDot the Skirmisher (level 4, 0/40 HPs)
             Began as a Draconian Chaos Knight on Jan 13, 2015.
             Was a Plaything of Xom.
             Slain by Sigmund
             ... wielding a +2 scythe of freezing
              (4 damage)
             ... on level 2 of the Dungeon.
             The game lasted 00:04:03 (2340 turns).

PolkaDot the Skirmisher (Draconian Chaos Knight)    Turns: 2340, Time: 00:04:03

Health: 0/40       AC:  5    Str: 19    XL:     4   Next: 20%
Magic:  4/4        EV: 18    Int: 14    God:    Xom [*.....]
Gold:   30         SH:  0    Dex: 15    Spells: 0 memorised, 3 levels left

rFire  . . .     SeeInvis .       - Unarmed
rCold  . . .     Clarity  .     (armour unavailable)
rNeg   . . .     SustAb   .     (no shield)
rPois  .         Gourm    .     (helmet restricted)
rElec  .         Spirit   .     (no cloak)
rCorr  .         Warding  .     (no gloves)
rMut   .         Stasis   .     (no boots)
MR     .....                    (no amulet)
Stlth  ++........               (no ring)
                                e - ring of wizardry (curse)

@: mighty, agile, lethally poisoned, very slightly contaminated, hasted, very
quick, not resistant to hostile enchantments, unstealthy
A: unfitting armour, cold-blooded, AC +5
a: Renounce Religion


You were on level 2 of the Dungeon.
You worshipped Xom.
You were a special plaything of Xom.
You were not hungry.

You visited 1 branch of the dungeon, and saw 2 of its levels.

You collected 30 gold pieces.

Inventory:

Jewellery
 e - a cursed ring of wizardry (left hand)
 p - an uncursed amulet of regeneration {unknown}
Magical devices
 h - a wand of confusion (10)
Scrolls
 b - a scroll of teleportation {unknown}
 d - 2 scrolls of magic mapping {unknown}
 f - 2 scrolls of enchant weapon {unknown}
 j - 2 scrolls of identify {unknown}
 k - a scroll of noise {unknown}
 l - 3 scrolls of remove curse {unknown}
Potions
 c - a potion of magic
 g - 2 potions of haste
Comestibles
 a - a bread ration
 m - a meat ration


   Skills:
 + Level 4.1 Fighting
 + Level 2.6 Dodging
 * Level 4.1 Unarmed Combat


You had 3 spell levels left.
You didn't know any spells.

Dungeon Overview and Level Annotations

Branches:
Dungeon (2/15)

Altars:

Annotations:
D:2 Sigmund


Innate Abilities, Weirdness & Mutations

Your plain brown scales are hard (AC +5).
Your body does not fit into most forms of armour.
Your cold-blooded metabolism reacts poorly to cold.


Message History

Drink which item? (? for menu, Esc to quit)
It was a potion of agility.
You feel agile all of a sudden.
You feel sick.
Drink which item? (? for menu, Esc to quit)
You feel yourself speed up.
You feel sick. Something completely misses you.
You are very lightly contaminated with residual magic.
You closely miss something. You tail-slap something!
You feel sick. Something hits you!
* * * LOW HITPOINT WARNING * * *
Something freezes you.
* * * LOW HITPOINT WARNING * * *
You closely miss something.
Your tail-slap misses something.
You feel sick.
You miss something. Something closely misses you.
You closely miss something.
You feel sick.
You closely miss something. Something hits you!
* * * LOW HITPOINT WARNING * * *
Something freezes you.
You die... "Huh?
Did I miss anything?"

#........#
#.####.#.# #.
#.#.#
.#.####.#.#
.......#.#.#
#........#
####.....####.#
#.........!.
##.@.#####.#
##{## #.# #.#
#'# . ... #...
... ..... ...
#...⌠. ./.
.....


There were no monsters in sight!

Vanquished Creatures
  Terence (D:2)
  3 adders
  A giant mite (D:1)
  A giant gecko (D:2)
  An ooze (D:1)
  6 hobgoblins
  3 jackals (D:1)
  6 kobolds
  A quokka (D:2)
  2 bats (D:1)
  2 giant cockroaches (D:1)
  A giant newt (D:1)
  A goblin (D:2)
  6 rats
35 creatures vanquished.

Notes
Turn   | Place    | Note
--------------------------------------------------------------
     0 | D:1      | PolkaDot, the Draconian Chaos Knight, began the quest for the Orb.
     0 | D:1      | Reached XP level 1. HP: 19/19 MP: 1/1
   255 | D:1      | Reached XP level 2. HP: 24/26 MP: 2/2
   366 | D:1      | XOM: divination: detect creatures
   426 | D:1      | XOM: harmless Divn miscast
   908 | D:1      | XOM: silly message
  1161 | D:2      | XOM: noise
  1164 | D:2      | Noticed Sigmund
  1165 | D:2      | Reached XP level 3. HP: 30/33 MP: 3/3
  1329 | D:1      | XOM: confuse monster(s)
  1352 | D:1      | Reached skill level 4 in Fighting
  1363 | D:1      | XOM: colour smoke trail
  1704 | D:2      | Noticed Terence
  1733 | D:2      | Killed Terence
  1733 | D:2      | Reached XP level 4. HP: 23/40 MP: 4/4
  1818 | D:2      | XOM: medium Ice miscast
  2332 | D:2      | XOM: medium Hex miscast
  2340 | D:2      | Slain by Sigmund

Action                   |  1- 3 |  4- 6 || total
-------------------------+-------+-------++-------
Melee: Unarmed           |   144 |    23 ||   167
  Use: Potion            |     3 |     4 ||     7
 Stab: Sleeping          |     2 |       ||     2
  Eat: Chunk             |     3 |     2 ||     5
